 Dungeon Crawl Stone Soup version 0.23.0-38-g208d714 (webtiles) character file.

Game seed: 0

36 Fang the Skirmisher (level 3, -2/24 HPs)
             Began as a Gargoyle Berserker on Feb 27, 2019.
             Was a Follower of Trog.
             Slain by Sigmund
             ... wielding a cursed -2 scythe
              (14 damage)
             ... on level 2 of the Dungeon.
             The game lasted 00:01:11 (883 turns).

Fang the Skirmisher (Gargoyle Berserker)             Turns: 883, Time: 00:01:12

Health: -2/24      AC:  5    Str: 21    XL:     3   Next: 37%
Magic:  3/3        EV: 12    Int:  7    God:    Trog [*.....]
Gold:   22         SH:  0    Dex:  9    Spells: 2/2 levels left

rFire    . . .     SeeInvis .   a - +0 hand axe
rCold    . . .     Gourm    .   (no shield)
rNeg     + . .     Faith    .   b - +0 animal skin
rPois    ∞         Spirit   .   (no helmet)
rElec    +         Reflect  .   (no cloak)
rCorr    .         Harm     .   (no gloves)
MR       .....                  (no boots)
Stlth    +.........             (no amulet)
HPRegen  0.08/turn              (no ring)
MPRegen  0.08/turn              (no ring)

@: berserk cooldown, slowed, very slow
A: negative energy resistance 1, electricity resistance, unbreathing,
petrification resistance, rot immunity, AC +3
a: Berserk, Renounce Religion


You were on level 2 of the Dungeon.
You worshipped Trog.
Trog was aware of your devotion.
You were very hungry.

You visited 1 branch of the dungeon, and saw 2 of its levels.

You collected 22 gold pieces.

Inventory:

Hand Weapons
 a - a +0 hand axe (weapon)
Armour
 b - a +0 animal skin (worn)
Scrolls
 d - a scroll of identify {unknown}
 e - 2 scrolls of remove curse {unknown}
 g - a scroll of enchant weapon {unknown}
 h - a scroll of enchant armour {unknown}
 i - a scroll of blinking {unknown}
Comestibles
 c - a ration


   Skills:
 + Level 3.7 Fighting
 + Level 3.0 Axes
 + Level 2.7 Armour
 + Level 2.0 Dodging


You had 2 spell levels left.
You didn't know any spells.
Your spell library was empty.

Dungeon Overview and Level Annotations

Branches:
Dungeon (2/15)

Altars:

Annotations:
D:2 Sigmund


Innate Abilities, Weirdness & Mutations

You are resistant to torment.
Your stone body is resilient. (AC +3)
You are immune to poison.
You resist negative energy. (rN+)
You are resistant to electric shocks. (rElec)
You can survive without breathing.
You are immune to petrification.
You are immune to rotting.


Message History

You're too confused to attack without stumbling around!
You feel a strong urge to attack something.
You are no longer berserk.
You are exhausted.
You feel yourself slow down.
Found a scroll labeled KYH OMNOCLAMNA.
The goblin closely misses you. Something hits you but does no damage.
The goblin barely misses you. Something barely misses you.
You bump into the rock wall.
The goblin misses you. Something hits you but does no damage.
The goblin completely misses you.
You feel less confused.
You are feeling very hungry.
Something hits you. The goblin hits you but does no damage.
Something hits you but does no damage.
You barely miss the goblin. The goblin hits you but does no damage.
Something hits you. The goblin hits you but does no damage.
The goblin hits you but does no damage. Something hits you!
Ouch! That really hurt!
You die...

...##.######.# ##.##.# #.#
# # ####...#.#### #.# ##.#.
#....#......###.#
.....##.##...#.#...##.#
...>..??###.##....†.).#
...$....# #.####..)####
##.####.# #.# ##(## #
#.###@#####.#######
#...{g...##.(.....#
######..#...#.########.####
.........#...# # #.....
#######..#...#
########.#### #..#####
............. #..#
########.#### #... #.# #...
#.#


You could see a goblin.

Vanquished Creatures
  Terence (D:2)
  2 leopard geckos (D:1)
  A giant cockroach (D:1)
  2 goblins
  A kobold (D:2)
  3 frilled lizards (D:1)
  4 rats (D:1)
14 creatures vanquished.

Notes
Turn   | Place    | Note
-------+----------+-------------------------------------------
     0 | D:1      | Fang the Gargoyle Berserker began the quest for the Orb.
     0 | D:1      | Reached XP level 1. HP: 14/14 MP: 1/1
   207 | D:1      | Reached XP level 2. HP: 18/19 MP: 2/2
   706 | D:2      | Noticed Terence
   723 | D:2      | Killed Terence
   723 | D:2      | Reached XP level 3. HP: 13/24 MP: 3/3
   865 | D:2      | Noticed Sigmund
   883 | D:2      | Slain by Sigmund

Skill      XL: |  1  2 |
---------------+-------+-----
Axes           | 3 |  3.0
Dodging        | 2 |  2.0
Fighting       | |  3.7
Armour         | |  2.7

Action                   || total
-------------------------++-------
Melee: Hand axe          ||    64
Invok: Berserk           ||     1
Armor: Animal skin       ||    26
Dodge: Dodged            ||    51
